 Dungeon Crawl Stone Soup version 0.28-a0-793-g31680bbd8b (webtiles) character file.

Game seed: 13132697836034770482

13736 jasper the Grappler (level 11, 0/89 HPs)
             Began as a Demonspawn Cinder Acolyte on Nov 4, 2021.
             Was an Initiate of Okawaru.
             Slain by a fire elemental (9 damage)
             ... created by the fiery vengeance of Ignis
             ... on level 11 of the Dungeon.
             The game lasted 00:15:04 (12818 turns).

jasper the Grappler (Demonspawn Cinder Acolyte)    Turns: 12818, Time: 00:15:05

Health: 0/89       AC: 16    Str: 15    XL:     11   Next: 79%
Magic:  12/12      EV: 13    Int: 19    God:    Okawaru [......]
Gold:   443        SH:  5    Dex:  8    Spells: 12/12 levels left

rFire   . . .      SeeInvis +     - Unarmed
rCold   . . .      Faith    .   (no shield)
rNeg    . . .      Spirit   .   u - +1 steam dragon scales
rPois   .          Reflect  +   C - +0 helmet
rElec   .          Harm     .   y - +2 cloak
rCorr   .          Rampage  .   (no gloves)
Will    .....                   (no boots)
Stlth   +.........              o - amulet of reflection
HPRegen 0.24/turn               x - +4 ring of protection
MPRegen 0.13/turn               D - ring of see invisible

@: fire susceptible
A: claws 1, icemail 1, powered by death 2, sharp scales 2, condensation shield
a: Renounce Religion


You were on level 11 of the Dungeon.
You worshipped Okawaru.
Okawaru was noncommittal.
You visited 3 branches of the dungeon, and saw 13 of its levels.

You collected 888 gold pieces.
You spent 445 gold pieces at shops.

Inventory:

Missiles
 e - a throwing net
 h - 437 stones
 k - 6 curare-tipped darts
 m - 6 silver javelins
 r - 6 boomerangs (quivered)
 B - 30 poisoned darts
 G - 16 silver boomerangs
Armour
 a - a +0 robe
 c - a +0 leather armour
 i - a +0 scale mail
 q - a +3 leather armour
 u - +1 steam dragon scales (worn)
 v - a scarf of invisibility
 y - a +2 cloak (worn)
 A - the +1 ring mail "Acisha Bife" {Contam Dex+5}
   (You found it on level 8 of the Dungeon)

   Dex:       It affects your dexterity (+5).
   Contam:    It causes magical contamination when unequipped.
 C - a +0 helmet (worn)
Jewellery
 j - an amulet of guardian spirit
 l - a ring of fire
 o - an amulet of reflection (around neck)
 x - a +4 ring of protection (left claw)
 D - a ring of see invisible (right claw)
Wands
 E - a wand of paralysis (4)
Scrolls
 b - 5 scrolls of teleportation
 F - a scroll of enchant armour
Potions
 d - 2 potions of heal wounds
 f - 4 potions of curing
 g - a potion of brilliance
 n - a potion of resistance {unknown}
 p - 2 potions of ambrosia {unknown}
 t - 3 potions of lignification {unknown}
 w - a potion of invisibility {unknown}
 z - a potion of berserk rage {unknown}


   Skills:
 + Level 9.3 Fighting
 + Level 8.0 Dodging
 + Level 12.8 Unarmed Combat
 - Level 1.0 Spellcasting
 - Level 2.6 Fire Magic
 - Level 5.2 Evocations


You had 12 spell levels left.
You didn't know any spells.
Your spell library contained the following spells:

 Spells                   Type           Power      Damage    Failure   Level
 Scorch                   Fire           22%        2d6       10%         2
 Freeze                   Ice            0%         1d3       19%         1
 Slow                     Hex            0%         N/A       19%         1
 Corpse Rot               Necr/Air       0%         N/A       28%         2
 Confusing Touch          Hex            0%         N/A       50%         3
 Dazzling Flash           Conj/Hex       0%         N/A       50%         3
 Frozen Ramparts          Ice            0%         1d2       50%         3
 Portal Projectile        Hex/Tloc       0%         N/A       50%         3
 Dispel Undead            Necr           0%         3d6       88%         4
 Hailstorm                Conj/Ice       0%         3d3       88%         4
 Iskenderun's Mystic Bla  Conj/Tloc      0%         2d3       88%         4
 Leda's Liquefaction      Hex/Erth       0%         N/A       88%         4
 Yara's Violent Unravell  Hex/Tmut       0%         3d3       99%         5
 Starburst                Conj/Fire      3%         6d3       100%        6
 Call Canine Familiar     Summ           Unusable   N/A       N/A         3
 Death Channel            Necr           Unusable   N/A       N/A         6

Dungeon Overview and Level Annotations

Branches:
Dungeon (11/15)            Temple (1/1) D:4            Lair (1/6) D:11
    Orc: D:9-12

Altars:
Cheibriados
Hepliaklqana
Okawaru
Uskayaw
Vehumet
Wu Jian
Xom

Shops:
D:5 [   D:7 =


Innate Abilities, Weirdness & Mutations

You have sharp fingernails.
A meltable icy envelope protects you from harm. (AC +0)
You regenerate health from kills.
You are mostly covered in razor-sharp scales. (AC +2, Slay +2)
A meltable shield of frost defends you. (SH +0)


Message History

You miss the fire elemental.
The fire elemental is severely damaged.
The fire elemental barely misses you. The fire elemental closely misses you.
You scratch the fire elemental.
The fire elemental is almost destroyed.
The fire elemental hits you. The fire elemental burns you!
The fire elemental hits you. The fire elemental burns you!
* * * LOW HITPOINT WARNING * * *
You take 14 damage, and have 22/89 hp.
You feel much better. You block the fire elemental's attack.
The fire elemental barely misses you.
You regained 21 hp, and now have 43/89 hp.
You scratch the fire elemental.
The fire elemental is almost destroyed.
The fire elemental hits you. The fire elemental burns you!
The fire elemental barely misses you.
You take 10 damage, and have 33/89 hp.
You mangle the fire elemental!!
You destroy the fire elemental!
That felt strangely unrewarding.
The fire elemental hits you. The fire elemental burns you!
* * * LOW HITPOINT WARNING * * *
You take 9 damage, and have 24/89 hp.
You claw the fire elemental!
The fire elemental is moderately damaged.
The fire elemental closely misses you.
You claw the fire elemental!
The fire elemental is severely damaged.
The fire elemental hits you. The fire elemental burns you!
* * * LOW HITPOINT WARNING * * *
You take 7 damage, and have 17/89 hp.
You closely miss the fire elemental.
The fire elemental is severely damaged.
The fire elemental hits you. The fire elemental burns you!
* * * LOW HITPOINT WARNING * * *
You take 8 damage, and have 9/89 hp.
You closely miss the fire elemental.
The fire elemental is severely damaged.
The fire elemental hits you. The fire elemental burns you!
You die...

#......+ #...#... #.....†#
#...#... ...........
#...#...
....###..PP.P..P....#...####
.... ...PPP.P.P....#...'...
....#...P.P...P.....#...#...
.. +..P...P.P......#...#...
#.P...####P.P...###'####
.P... #@>#...P..........
..P...#†E#P.P...........
..P..P#+##...P..........
....P...P.PP............
....P.........#.........
..........P...#.......##
#........P............#
#...........#.^.......#
#...........+.........#


You could see a fire elemental.

Vanquished Creatures
  A hydra (D:11)
  Erolcha (D:10)
  Erica (D:7)
  3 two-headed ogres
  Urug (D:10)
  A water nymph (D:9)
  4 gargoyles (D:8)
  2 kobold demonologists (D:9)
  A komodo dragon (D:10)
  A troll (D:9)
  4 wraiths
  A vampire (D:10)
  A wyvern (D:7)
  Eustachio (D:5)
  6 yaks
  4 fire elementals (D:11)
  3 steam dragons
  Edmund (D:4)
  2 water moccasins (D:7)
  An ice beast (D:5)
  2 orc warriors (D:11)
  3 sky beasts
  3 ogres
  4 necrophages
  6 centaurs
  A lemure (D:8)
  2 phantoms
  4 kobold brigands
  6 bullfrogs
  5 scorpions
  3 water moccasin skeletons (D:5)
  5 killer bees (D:10)
  5 wights (D:5)
  3 howler monkeys (D:7)
  2 bullfrog zombies
  A centaur zombie (D:9)
  3 centaur skeletons
  2 hounds (D:6)
  4 jellies
  2 gnoll shamans
  3 orc priests
  Jessica (D:2)
  A bullfrog skeleton (D:6)
  4 iguanas
  Natasha (thrice) (D:2)
  2 orc wizards (D:3)
  2 killer bee zombies
  9 adders
  7 gnolls
  3 white imps
  2 worms (D:4)
  A dart slug (D:5)
  15 orcs
  4 endoplasms
  4 giant cockroaches
  10 hobgoblins
  4 jackals (D:4)
  A quokka (D:4)
  5 ball pythons
  4 bats
  5 frilled lizards
  4 goblins
  18 kobolds
  4 rats
  A bush (D:7)
223 creatures vanquished.

Vanquished Creatures (others)
  174 foxfires
  17 fungi (D:11)
  11 plants (D:11)
202 creatures vanquished.

Grand Total: 425 creatures vanquished

Notes
Turn   | Place    | Note
-------+----------+-------------------------------------------
     0 | D:1      | jasper the Demonspawn Cinder Acolyte began the quest for
                  | the Orb.
     0 | D:1      | Reached XP level 1. HP: 18/18 MP: 2/2
   346 | D:1      | Reached skill level 3 in Unarmed Combat
   557 | D:1      | Gained mutation: You are partially covered in razor-sharp
                  | scales. (AC +1, Slay +1) [demonic ancestry]
   557 | D:1      | Reached XP level 2. HP: 12/24 MP: 3/3
  1382 | D:2      | Found a faded altar of an unknown god.
  1423 | D:2      | Noticed Jessica
  1436 | D:2      | Killed Jessica
  1437 | D:2      | Reached skill level 4 in Unarmed Combat
  1437 | D:2      | Reached XP level 3. HP: 7/29 MP: 4/4
  1888 | D:2      | Noticed Natasha
  1894 | D:2      | Killed Natasha
  1895 | D:2      | Gained mutation: You are mostly covered in razor-sharp
                  | scales. (AC +2, Slay +2) [demonic ancestry]
  1895 | D:2      | Reached XP level 4. HP: 35/35 MP: 5/5
  2020 | D:2      | Noticed Natasha
  2026 | D:2      | Killed Natasha
  2204 | D:2      | Noticed Natasha
  2212 | D:2      | Killed Natasha
  2213 | D:2      | Reached skill level 5 in Unarmed Combat
  2509 | D:3      | Gained mutation: You regenerate a little health from kills.
                  | [demonic ancestry]
  2509 | D:3      | Reached XP level 5. HP: 34/41 MP: 6/6
  3126 | D:3      | Reached skill level 6 in Unarmed Combat
  3570 | D:4      | Noticed an ogre
  3577 | D:4      | Killed an ogre
  3578 | D:4      | Gained mutation: You have sharp fingernails. [demonic
                  | ancestry]
  3578 | D:4      | Reached XP level 6. HP: 47/47 MP: 7/7
  4187 | D:4      | Noticed Edmund
  4202 | D:4      | Reached skill level 7 in Unarmed Combat
  4208 | D:4      | Killed Edmund
  4209 | D:4      | Reached XP level 7. HP: 36/52 MP: 8/8
  4336 | D:4      | Found a staircase to the Ecumenical Temple.
  4945 | D:5      | Entered Level 5 of the Dungeon
  4945 | D:5      | Found Hadura's Armour Emporium.
  4948 | D:5      | Bought a +0 cloak for 49 gold pieces
  5093 | D:5      | Reached skill level 8 in Unarmed Combat
  5159 | D:5      | Reached skill level 9 in Unarmed Combat
  5159 | D:5      | Reached XP level 8. HP: 37/58 MP: 9/9
  5303 | D:5      | Noticed Eustachio
  5339 | D:5      | Killed Eustachio
  5340 | D:5      | Reached skill level 10 in Unarmed Combat
  5574 | D:5      | Reached skill level 1 in Dodging
  6087 | D:6      | Gained mutation: You regenerate health from kills. [demonic
                  | ancestry]
  6087 | D:6      | Reached XP level 9. HP: 62/65 MP: 10/10
  6272 | D:6      | Reached skill level 5 in Fighting
  6406 | D:7      | Reached skill level 11 in Unarmed Combat
  6965 | D:7      | Identified the +5 arbalest of the Yoke {elec, *Slow Str+9
                  | Int-4 SInv}
  7437 | D:7      | Found Waskyont's Jewellery Shoppe.
  7664 | D:7      | Bought a +4 ring of protection for 396 gold pieces
  7857 | D:7      | Found an ornate altar of the Wu Jian Council.
  8151 | D:8      | Noticed Erica
  8165 | D:7      | Killed Erica
  8166 | D:7      | Reached skill level 5 in Dodging
  8166 | D:7      | Gained mutation: A meltable shield of frost defends you.
                  | (SH +0) [demonic ancestry]
  8166 | D:7      | Reached XP level 10. HP: 60/77 MP: 11/11
  8530 | D:8      | Noticed a gargoyle
  8535 | D:8      | Killed a gargoyle
  8560 | D:8      | Noticed a gargoyle
  8569 | D:8      | Killed a gargoyle
  8584 | D:8      | Noticed a gargoyle
  8596 | D:8      | Killed a gargoyle
  8640 | D:8      | Noticed a gargoyle
  8648 | D:8      | Killed a gargoyle
  8858 | D:8      | Reached skill level 12 in Unarmed Combat
  8985 | D:8      | Noticed Pikel
  8988 | D:8      | Identified the +1 ring mail "Acisha Bife" {Contam Dex+5}
  8996 | D:8      | Noticed Pikel
  8996 | D:8      | Pikel changed into Pikel the yak
  9003 | D:8      | Killed Pikel the yak
  9621 | D:9      | Noticed a soul eater
  9701 | D:9      | Noticed a two-headed ogre
  9705 | D:9      | Noticed a water nymph
  9705 | D:9      | a two-headed ogre changed into a water nymph
  9710 | D:9      | Killed a water nymph
  9711 | D:9      | Gained mutation: A meltable icy envelope protects you from
                  | harm. (AC +0) [demonic ancestry]
  9711 | D:9      | Reached XP level 11. HP: 64/87 MP: 12/12
  9761 | D:9      | Noticed a two-headed ogre
  9767 | D:9      | Killed a two-headed ogre
 10160 | D:9      | Found a snail-covered altar of Cheibriados.
 10261 | D:10     | Entered Level 10 of the Dungeon
 10296 | D:10     | Noticed Sonja
 10297 | D:10     | Noticed Sonja
 10297 | D:10     | Sonja changed into Sonja the scorpion
 10305 | D:10     | Killed Sonja the scorpion
 10507 | D:10     | Reached skill level 1 in Evocations
 10601 | D:10     | Noticed Erolcha
 10614 | D:10     | Killed Erolcha
 10895 | D:10     | Noticed Urug
 10908 | D:10     | Killed Urug
 10909 | D:10     | Noticed a two-headed ogre
 10916 | D:10     | Killed a two-headed ogre
 10917 | D:10     | Reached skill level 5 in Evocations
 11190 | D:11     | Noticed a two-headed ogre
 11200 | D:11     | Killed a two-headed ogre
 11638 | D:11     | Noticed a skeletal warrior
 11638 | D:11     | Noticed a skeletal warrior
 11849 | Temple   | Entered the Ecumenical Temple
 11854 | Temple   | Fell from the grace of Ignis
 11854 | Temple   | Became a worshipper of Warmaster Okawaru
 12287 | D:11     | Found a staircase to the Lair.
 12594 | Lair:1   | Entered Level 1 of the Lair of Beasts
 12596 | Lair:1   | Noticed an eight-headed hydra
 12612 | D:11     | Killed an eight-headed hydra
 12818 | D:11     | Slain by a fire elemental

Illustrated notes

Levels and vault maps discovered:
D:1:      minmay_arrival_five_plusses, layout_loops_ring, chequers_garden
D:2:      layout_basic, hellmonk_ecumenical_altar_run_dry, uniq_natasha,
          uniq_jessica
D:3:      layout_loops_ring, portal_sewer_entry_b, nicolae_underground_beach
D:4:      layout_layer_cave, minmay_temple_entry_glassed_door, uniq_edmund
D:5:      layout_rooms, serial_shops, nicolae_stop_n_shop_2, uniq_eustachio
D:6:      minmay_polygon_palace, layout_rooms,
          eino_small_chamber_without_monster
D:7:      layout_basic, nzn_wu_jian_contemplation, serial_shops,
          nicolae_shop_waterfront, st_stairs_13, kb_lookout_dungeons_type
D:8:      cheibrodos_statue_roulette, layout_basic, uniq_erica, uniq_pikel
D:9:      layout_cave_pools, marbit_many_paths, minmay_unpleasant_kobolds
D:10:     layout_gridville, uniq_sonja, uniq_erolcha, uniq_urug
D:11:     layout_gridville, grunt_lair_entry_orc_guard_hut
Temple:   regret_index_temple_chain_breaker
Lair:1:   layout_cave_shapes, infiniplex_staircase_pool

Skill      XL: |  1  2  3  4  5  6  7  8  9 10 11 |
---------------+----------------------------------+-----
Unarmed Combat | 3 4 5 6 7 9 10 11 12 | 12.8
Dodging        | 2 5 6 8 |  8.0
Fighting       | 4 6 8 9 |  9.3
Evocations     | 5 |  5.2
Spellcasting   | |  1.0
Fire Magic     | |  2.6

Action                   |  1- 3 |  4- 6 |  7- 9 | 10-12 || total
-------------------------+-------+-------+-------+-------++-------
Melee: Unarmed           |    87 |   147 |   329 |   387 ||   950
       Punch             |       |     3 |    17 |    10 ||    30
Throw: Stone             |     5 |    22 |    10 |     1 ||    38
       Boomerang         |       |       |       |    21 ||    21
       Dart              |       |       |       |     4 ||     4
       Throwing net      |       |       |       |     1 ||     1
Invok: Foxfire Swarm     |     2 |     6 |     3 |       ||    11
Evoke: Wand              |       |       |       |    11 ||    11
  Use: Scroll            |     2 |     2 |     6 |     4 ||    14
       Potion            |       |       |       |     6 ||     6
 Stab: Paralysed         |       |       |       |     6 ||     6
Armor: Leather armour    |    19 |    16 |    49 |       ||    84
       Scale mail        |       |    41 |    14 |       ||    55
       Steam dragon scal |       |       |    32 |   113 ||   145
Dodge: Dodged            |    49 |    62 |   101 |   143 ||   355
Block: Other             |       |     2 |    54 |   121 ||   177
       Reflection        |       |       |     5 |     7 ||    12

Table legend: (Time is in decaauts)
 A = Elapsed time spent in this place.
 B = Non-inter-level travel time spent in this place.
 C = Inter-level travel time spent in this place.
 D = Time resting spent in this place.
 E = Time spent auto-exploring this place.
 F = Levels seen in this place.
 G = Mean time per level.
                   A        B        C        D        E       F      G
               +--------+--------+--------+--------+--------+-----+--------+
         Total |  12690 |  11905 |    785 |   2195 |   7550 |  13 |  976.2 |
       Dungeon |  12667 |  11886 |    781 |   2195 |   7550 |  11 | 1151.5 |
        Temple |     10 |      6 |      4 |      0 |      0 |   1 |   10.0 |
          Lair |     12 |     12 |      0 |      0 |      0 |   1 |   12.0 |
               +--------+--------+--------+--------+--------+-----+--------+

Top non-repeatable levels by time:
     D:7: 2064 daAuts
     D:4: 1498 daAuts
     D:2: 1334 daAuts
    D:10: 1243 daAuts
     D:1: 1162 daAuts
     D:8: 1128 daAuts
     D:3: 1017 daAuts
    D:11: 926 daAuts
     D:6: 797 daAuts
     D:9: 775 daAuts
     D:5: 717 daAuts
  Lair:1: 12 daAuts
  Temple: 10 daAuts
